 Dungeon Crawl Stone Soup version 0.27-a0-637-g3a9f0a9c12 (webtiles) character file.

Game seed: 12081315487757907131

472 shoop the Chopper (level 6, -5/55 HPs)
             Began as a Palentonga Abyssal Knight on Mar 14, 2021.
             Was a Priest of Lugonu.
             Slain by Pikel
             ... wielding a +2 whip of freezing
              (10 damage)
             ... on level 4 of the Dungeon.
             The game lasted 00:08:55 (4472 turns).

shoop the Chopper (Palentonga Abyssal Knight)       Turns: 4472, Time: 00:08:56

Health: -5/55      AC:  7    Str: 17    XL:     6   Next: 83%
Magic:  9/9        EV:  8    Int: 18    God:    Lugonu [***...]
Gold:   152        SH:  0    Dex: 10    Spells: 5/5 levels left

rFire    . . .     SeeInvis +   a - +1 hand axe
rCold    + . .     Faith    .   (no shield)
rNeg     . . .     Spirit   .   m - +1 ring mail {Will+}
rPois    .         Reflect  .   (no helmet)
rElec    .         Harm     .   h - +0 cloak
rCorr    .         Rampage  .   (no gloves)
Will     +....                  (no barding)
Stlth    ..........             (no amulet)
HPRegen  0.18/turn              v - ring of protection from cold
MPRegen  0.11/turn              y - +6 ring of intelligence

@: no status effects
A: large, rugged brown scales 3, see invisible, deformed body, roll 1, armoured
tail, stinger 1
a: Rolling Charge, Renounce Religion, Depart the Abyss, Bend Space, Banish


You were on level 4 of the Dungeon.
You worshipped Lugonu.
Lugonu was most pleased with you.
You visited 1 branch of the dungeon, and saw 5 of its levels.
You visited the Abyss 1 time.

You collected 152 gold pieces.

Inventory:

Hand Weapons
 a - a +1 hand axe (weapon)
Missiles
 x - 3 boomerangs (quivered)
Armour
 b - a +0 leather armour
 h - a +0 cloak (worn)
 m - a +1 ring mail of willpower (worn)
Jewellery
 k - a ring of see invisible
 v - a ring of protection from cold (right hand)
 y - a +6 ring of intelligence (left hand)
Wands
 u - a wand of random effects (19)
Scrolls
 c - 3 scrolls of teleportation {unknown}
 d - a scroll of immolation {unknown}
 f - 2 scrolls of magic mapping {unknown}
 g - 2 scrolls of identify {unknown}
 i - 3 scrolls of blinking {unknown}
 j - 2 scrolls of enchant weapon {unknown}
 l - a scroll of fear {unknown}
 o - 2 scrolls of amnesia {unknown}
 r - a scroll of enchant armour {unknown}
 s - a scroll of random uselessness {unknown}
Potions
 e - a potion of attraction {unknown}
 n - a potion of lignification {unknown}
 p - a potion of mutation
 q - a potion of brilliance {unknown}
 w - a potion of cancellation {unknown}


   Skills:
 - Level 4.0 Fighting
 * Level 5.6 Axes
 - Level 1.5 Armour
 - Level 0.7 Dodging
 + Level 4.4 Invocations
 + Level 1.0 Evocations


You had 5 spell levels left.
You didn't know any spells.
Your spell library contained the following spells:

 Spells                   Type           Power      Damage    Failure   Level
 Magic Dart               Conj           0%         1d3       36%         1
 Searing Ray              Conj           0%         3d3       52%         2
 Dazzling Flash           Conj/Hex       0%         N/A       75%         3
 Fulminant Prism          Conj/Hex       0%         3d6       98%         4
 Iskenderun's Mystic Bla  Conj/Tloc      0%         2d3       98%         4


Dungeon Overview and Level Annotations

Branches:
Dungeon (5/15)
 Temple: D:4-7

Altars:
Cheibriados

Annotations:
D:4 Pikel


Innate Abilities, Weirdness & Mutations

You are completely covered in rugged brown scales. (AC +3, +7% HP)
You have supernaturally acute eyesight. (SInv)
Armour fits poorly on your strangely shaped body.
You can roll at nearby foes to attack.
You have a long armoured tail.
Your tail ends in a poisonous barb.


Message History

Aim: Pikel, wielding a +2 whip of freezing and wearing a +0 robe (heavily wounded) Pikel resists with some effort.
Pikel hits you but does no damage.
Aiming: Random Effects
Press: ? - help, Shift-Dir - straight line, f/p - Pikel
Aim: Pikel, wielding a +2 whip of freezing and wearing a +0 robe (heavily wounded) Pikel seems to grow stronger.
Pikel misses you.
Aiming: Random Effects
Press: ? - help, Shift-Dir - straight line, f/p - Pikel
Aim: Pikel, wielding a +2 whip of freezing and wearing a +0 robe (heavily wounded, strong) Pikel falls asleep!
The helpless Pikel fails to defend himself.
You hit Pikel.
Pikel is severely wounded.
Pikel hits you but does no damage.
You hit Pikel but do no damage.
Pikel is severely wounded.
Pikel closely misses you.
You hit Pikel.
Pikel is severely wounded.
Pikel hits you with a +2 whip of freezing.
* * * LOW HITPOINT WARNING * * *
Unknown command.
Aiming: Random Effects
Press: ? - help, Shift-Dir - straight line, f/p - Pikel
Aim: Pikel, wielding a +2 whip of freezing and wearing a +0 robe (severely wounded, strong) Pikel twists and deforms.
Pikel hits you with a +2 whip of freezing.
* * * LOW HITPOINT WARNING * * *
You closely miss Pikel.
Pikel is severely wounded.
Pikel hits you with a +2 whip of freezing.
* * * LOW HITPOINT WARNING * * *
Pikel freezes you.
* * * LOW HITPOINT WARNING * * *
Unknown command.
It was a potion of mutation.
You feel extremely strange.
You feel you can roll further.
You can no longer roll as far.
A poisonous barb forms on the end of your tail.
Pikel hits you with a +2 whip of freezing!
You die...

#...######..###.#
##........##..
.....##....####.#
#....#....#.#
÷###....#...##..#
##...####<#### .#
#..#.###..#..####..######.#
.###....###..#....##..##...###
÷........###.###.(.......#..##
...........#..##.........#...#
.............####.##.........#
.##........#.#..@K.#...#.##..#
###..##....#......###..###...#
##..####...........#...####.##
###.## ###..............##...#
.....# ##..........#.......###
....####...#.......##...#.##
...........#.......#....###
............#.....##...##
...#........#..##.##...#


You could see Pikel (strong, misshapen).

Vanquished Creatures
  Sigmund (D:3)
  A hound (D:4)
  3 orc wizards
  2 worker ants
  2 hound skeletons (D:4)
  4 adders
  2 adder skeletons (D:4)
  A worm (D:4)
  4 dart slugs
  3 leopard geckos
  13 orcs
  A ball python (D:1)
  8 bats
  3 giant cockroaches
  7 goblins
  10 hobgoblins
  6 jackals
  3 frilled lizards
  2 kobolds
  6 rats
82 creatures vanquished.

Notes
Turn   | Place    | Note
-------+----------+-------------------------------------------
     0 | Abyss:1  | shoop the Palentonga Abyssal Knight began the quest for the
                  | Orb.
     0 | Abyss:1  | Reached XP level 1. HP: 20/20 MP: 2/2
    56 | D:1      | Escaped the Abyss
   344 | D:1      | Reached XP level 2. HP: 5/27 MP: 3/3
  1355 | D:2      | Found a snail-covered altar of Cheibriados.
  1359 | D:2      | Reached XP level 3. HP: 32/33 MP: 4/4
  1436 | D:2      | Reached ** piety under Lugonu
  1475 | D:2      | Reached skill level 3 in Axes
  1548 | D:2      | Reached XP level 4. HP: 40/40 MP: 4/6
  2268 | D:3      | Noticed Sigmund
  2793 | D:3      | Reached XP level 5. HP: 46/49 MP: 7/7
  2802 | D:3      | Reached skill level 4 in Axes
  3231 | D:3      | Killed Sigmund
  3232 | D:3      | Reached skill level 5 in Axes
  3232 | D:3      | Reached XP level 6. HP: 44/55 MP: 7/9
  3843 | D:4      | Reached *** piety under Lugonu
  4398 | D:5      | Entered Level 5 of the Dungeon
  4430 | D:5      | Noticed Pikel
  4432 | D:5      | Reached skill level 1 in Evocations
  4472 | D:4      | Gained mutation: You can roll at foes to attack. [potion of
                  | mutation]
  4472 | D:4      | Lost mutation: You can roll at foes to attack. [potion of
                  | mutation]
  4472 | D:4      | Gained mutation: Your tail ends in a poisonous barb.
                  | [potion of mutation]
  4472 | D:4      | Slain by Pikel

Illustrated notes

Levels and vault maps discovered:
D:1:      onia_arrival_handbag, layout_loops_ring
D:2:      layout_loops_ring, nicolae_overflow_hidden_temple, grunt_ministairs_9
D:3:      layout_loops_ring, serial_rivers, chequers_serial_rivers_room_a,
          chequers_serial_rivers_small_3, chequers_serial_rivers_micro_d,
          chequers_serial_rivers_small_3, uniq_sigmund
D:4:      layout_cave_pools
D:5:      layout_basic, uniq_crazy_yiuf_cottage, uniq_pikel

Skill      XL: |  1  2  3  4  5  6 |
---------------+-------------------+-----
Axes           | 3 5 |  5.6
Invocations    | 3 4 |  4.4
Fighting       | 4 |  4.0
Evocations     | 1 |  1.0
Armour         | |  1.5
Dodging        | |  0.7

Action                   |  1- 3 |  4- 6 || total
-------------------------+-------+-------++-------
Melee: Hand axe          |    80 |   237 ||   317
       Tailslap          |     6 |    28 ||    34
Throw: Dart              |       |     6 ||     6
 Abil: Rolling Charge    |     4 |     7 ||    11
Evoke: Wand              |       |     4 ||     4
  Use: Potion            |       |     1 ||     1
 Stab: Sleeping          |       |     1 ||     1
Armor: Leather armour    |    38 |     7 ||    45
       Ring mail         |       |    85 ||    85
Dodge: Dodged            |    38 |    96 ||   134

Table legend: (Time is in decaauts)
 A = Elapsed time spent in this place.
 B = Non-inter-level travel time spent in this place.
 C = Inter-level travel time spent in this place.
 D = Time resting spent in this place.
 E = Time spent auto-exploring this place.
 F = Levels seen in this place.
 G = Mean time per level.
                   A        B        C        D        E       F      G
               +--------+--------+--------+--------+--------+-----+--------+
         Total |   4517 |   4339 |    178 |    840 |   2776 |   6 |  752.8 |
       Dungeon |   4461 |   4283 |    178 |    840 |   2725 |   5 |  892.2 |
         Abyss |     56 |     56 |      0 |      0 |     51 |   1 |   56.0 |
               +--------+--------+--------+--------+--------+-----+--------+

Top non-repeatable levels by time:
     D:3: 1371 daAuts
     D:1: 1208 daAuts
     D:2: 1049 daAuts
     D:4: 769 daAuts
     D:5: 62 daAuts
 Abyss:1: 56 daAuts
